 Dungeon Crawl Stone Soup version 0.32-a0-30-gefbe487952 (webtiles) character file.

Game seed: 14906364403500908942

24961 anacleto the Mimic (level 12, -5/118 HPs)
             Began as a Troll Shapeshifter on Jan 19, 2024.
             Was a High Priest of Qazlal.
             Slain by a rakshasa
             ... wielding a +0 trident
              (24 damage)
             ... on level 13 of the Dungeon.
             The game lasted 00:34:21 (12644 turns).

anacleto the Mimic (Troll Shapeshifter)            Turns: 12644, Time: 00:34:22

Health: -5/118     AC:  5    Str: 35    XL:     12   Next: 85%
Magic:  16/16      EV: 15    Int:  6    God:    Qazlal [*****.]
Gold:   1338       SH:  6    Dex:  9    Spells: 11/11 levels left

rFire   . .          .
                       - Unarmed
rCold   . . .        O - melded +7 kite shield of Generosity {Harm Rampage rPois rC-}
rNeg    . . .        S - melded +0 troll leather armour
rPois   .            (helmet restricted)
rElec   .            K - scarf {harm}
rCorr   .            (gloves unavailable)
SInv    .            (boots unavailable)
Will    .....        (no amulet) Stlth
                     k - +6 ring of strength
HPRegen 1.19/turn    u - +4 ring of slaying
MPRegen 0.15/turn

%: harm (+30% outgoing, +20% incoming), repel missiles
@: flux-form, silenced, protected from physical damage, glowing
A: glow, contaminating, large, unfitting armour, claws 3, regeneration 1, shaggy
fur 1, tough skin 1
a: Begin Untransformation, Renounce Religion


You were on level 13 of the Dungeon.
You worshipped Qazlal.
Qazlal was extremely pleased with you.
You were something dangerously unstable.
You visited 2 branches of the dungeon, and saw 14 of its levels.
You also visited: Bailey.

You collected 1338 gold pieces.

Inventory:

Missiles
 C - 6 throwing nets
 D - a curare-tipped dart
 E - 35 poisoned darts
 J - 6 boomerangs (quivered)
 M - 20 large rocks
 R - 3 datura-tipped darts
Armour
 K - a scarf of harm (worn)
 O - the +7 kite shield of Generosity (melded) {Harm Rampage rPois rC-}
   (You acquired it on level 12 of the Dungeon)

   rC-:       It makes you vulnerable to cold.
   rPois:     It protects you from poison Harm: It increases damage dealt and
   taken.
   Rampage:   It bestows one free step when moving towards enemies.
 S - a +0 troll leather armour (melded)
Jewellery
 f - a ring of flight
 k - a +6 ring of strength (left claw)
 m - a ring of willpower
 u - a +4 ring of slaying (right claw)
 w - an amulet of faith
 B - a +4 ring of protection
 I - a ring of willpower
Talismans
 c - a beast talisman
 d - a flux talisman (active)
 h - a talisman of death
 v - a blade talisman
Wands
 s - a wand of polymorph (14)
 G - a wand of charming (14)
 U - a wand of acid (7)
Scrolls
 e - a scroll of fear
 j - 3 scrolls of teleportation
 l - 2 scrolls of enchant armour
 n - 2 scrolls of enchant weapon
 o - 3 scrolls of vulnerability
 r - 2 scrolls of silence
 y - a scroll of immolation
 A - a scroll of summoning
 F - a scroll of fog
 L - a scroll of amnesia
 N - 3 scrolls of poison
 P - 2 scrolls of identify
Potions
 a - 4 potions of enlightenment
 b - a potion of might {unknown}
 g - 2 potions of brilliance {unknown}
 i - 2 potions of curing
 p - 2 potions of resistance {unknown}
 q - a potion of attraction {unknown}
 t - 5 potions of magic
 x - 4 potions of degeneration {unknown}
 z - a potion of haste {unknown}
 Q - a potion of berserk rage {unknown}
 T - a potion of ambrosia
Miscellaneous
 H - a lightning rod (4/4)


   Skills:
 + Level 7.6 Fighting
 + Level 5.8 Throwing
 + Level 7.6 Dodging
 + Level 9.4 Unarmed Combat
 + Level 6.7 Invocations
 * Level 11.8 Shapeshifting


You had 11 spell levels left.
You didn't know any spells.
Your spell library contained the following spells:

 Spells                   Type           Power      Damage    Failure   Level
 Freeze                   Ice            0%         1d3       45%         1
 Necrotise                Necr           0%         1d4       45%         1
 Slow                     Hex            0%         N/A       45%         1
 Sting                    Conj/Alch      0%         1d3       45%         1
 Mercury Vapours          Alch/Air       0%         N/A       58%         2
 Confusing Touch          Hex            0%         N/A       83%         3
 Dazzling Flash           Conj/Hex       0%         N/A       83%         3
 Frozen Ramparts          Ice            0%         1d1       83%         3
 Fugue of the Fallen      Necr           0%         N/A       83%         3
 Hailstorm                Conj/Ice       0%         3d5       83%         3
 Inner Flame              Hex/Fire       0%         N/A       83%         3
 Mephitic Cloud           Conj/Alch/Air  0%         N/A       83%         3
 Ozocubu's Armour         Ice            0%         N/A       83%         3
 Sigil of Binding         Hex            0%         N/A       83%         3
 Vampiric Draining        Necr           0%         2d6       83%         3
 Volatile Blastmotes      Fire/Tloc      0%         2d10      83%         3
 Brom's Barrelling Bould  Conj/Erth      0%         2d3       99%         4
 Flame Wave               Conj/Fire      0%         2d4       99%         4
 Manifold Assault         Tloc           0%         N/A       99%         4
 Martyr's Knell           Necr/Summ      0%         N/A       99%         4
 Olgreb's Toxic Radiance  Alch           0%         N/A       99%         4
 Sticky Flame             Fire/Alch      0%         2d4       99%         4
 Curse of Agony           Necr           0%         N/A       100%        5
 Fireball                 Conj/Fire      0%         3d3       100%        5
 Iskenderun's Battlesphe  Conj           0%         2d6       100%        5
 Silence                  Hex/Air        0%         N/A       100%        5
 Conjure Ball Lightning   Conj/Air       0%         3x3d6     100%        6
 Starburst                Conj/Fire      0%         6d3       100%        6
 Orb of Destruction       Conj           0%         9d5       100%        7
 Maxwell's Capacitive Co  Air            0%         ∞         100%        8


Dungeon Overview and Level Annotations

Branches:
Dungeon (13/15)            Temple (1/1) D:4            Lair (0/5) D:8
    Orc (0/2) D:10         Bailey (visited)
 Vaults: D:13-14

Altars:
Ashenzari
Cheibriados
Dithmenos
Elyvilon
Fedhas
Gozag
Hepliaklqana
Kikubaaqudgha
Makhleb
Nemelex Xobeh
Okawaru
Qazlal
Ru
Sif Muna
Trog
Uskayaw
Vehumet
Wu Jian
Xom
Yredelemnul
Zin
The Shining One

Shops:
D:10 :

Annotations:
D:6 2 transporters, osoart's ghost, novice FoFi
D:10 3 runed translucent doors, ggggg's ghost, journeyman GrEE; timneilson's ghost, journeyman OpSh


Innate Abilities, Weirdness & Mutations

You are something dangerously unstable.
You glow with magical radiation, making you easy to see and hit.
Foes you strike become dangerously contaminated with magical radiation.
You are incapable of wielding weapons or throwing items.
You are too large for most types of armour.
You have claws for hands.
Your natural rate of healing is unusually fast.
You are covered in fur. (AC +1)
You have tough skin. (AC +1)


Message History

A centaur comes into view.
The catoblepas stomps with a crash on the ground.
The catoblepas breathes a plume of calcifying dust at you.
The blast of calcifying dust hits you! The catoblepas misses you.
The rakshasa weaves an illusion.
The catoblepas shimmers and seems to become two!
You scratch the catoblepas.
You kill the catoblepas!
Qazlal accepts your kill.
You claw the catoblepas!
You kill the catoblepas!
The catoblepas's corpse shimmers and vanishes!
As you read the scroll of silence, it crumbles to dust.
A profound silence engulfs you.
The centaur wields a +0 orcbow.
The centaur shoots an arrow.
You block the arrow. The rakshasa completely misses you.
You claw the centaur!
The centaur begins to glow.
The centaur is severely wounded.
The centaur unwields a +0 orcbow.
The centaur hits you.
You feel protected from physical attacks.
The centaur kicks you but does no damage.
The rakshasa misses you.
You scratch the centaur.
The centaur glows dangerously bright.
The centaur is almost dead.
The centaur hits you.
The centaur kicks you but does no damage.
The rakshasa gestures at you. The lance of force hits you!!
You are knocked back by the lance of force.
You slam into the rock wall!
* * * LOW HITPOINT WARNING * * *
The centaur wields a +0 orcbow.
The centaur shoots an arrow.
The arrow misses you.
The centaur unwields a +0 orcbow.
The centaur misses you. The centaur kicks you.
* * * LOW HITPOINT WARNING * * *
You block the centaur's attack. The centaur closely misses you.
The rakshasa hits you with a +0 trident!!
You die...

.. ...... #.##
#...... ......#..#
..... #.....##.##
.... #.....#...###
...
#.....#.....###.#
#.....#...#..##.#
#.....#...##cR§.# #
#.....#...###p..#.#
#.........# #.....#
#.........# #.☼○#.#
##........###...#.#
#####..............#
.
....#.####.........#
..
....#...........##.#
..
....##.............#
.#.
....##.#............


You could see a rakshasa (unsilenced) and a centaur (heavy contam).

Vanquished Creatures
  Harold (D:10)
  2 catoblepae (D:13)
  A centaur warrior (D:12)
  3 two-headed ogres
  A boulder beetle (D:12)
  Pikel (D:7)
  A deep elf pyromancer (D:11)
  Maurice (D:10)
  A manticore (D:11)
  5 cyclopes
  3 gargoyles
  A kobold demonologist (D:11)
  2 komodo dragons
  4 trolls
  A hornet (D:9)
  Prince Ribbit (D:5)
  5 shadows
  2 vampires
  5 wraiths
  A wyvern (D:10)
  29 yaks
  A vampire mosquito (D:10)
  A warg (D:10)
  Duvessa (D:7)
  5 water moccasins
  3 ice beasts
  4 black bears
  5 sky beasts
  4 orc warriors
  3 ogres
  5 wolves (Bailey)
  5 centaurs
  A phantom (D:7)
  6 kobold brigands
  5 bullfrogs
  7 gnoll sergeants
  4 scorpions
  3 wights (D:9)
  Dowan (D:7)
  12 killer bees
  4 howler monkeys
  3 bombardier beetles
  4 jellies
  3 hounds
  9 orc priests
  5 gnoll boudas (Bailey)
  4 sleepcaps
  2 iguanas (D:5)
  12 orc wizards
  32 gnolls
  12 adders
  2 shadow imps
  3 white imps
  4 ufetubi
  A dart slug (D:3)
  37 orcs
  4 ball pythons
  7 bats
  7 endoplasms
  4 giant cockroaches
  13 hobgoblins
  20 kobolds
  3 quokkas
  5 frilled lizards
  9 goblins
  3 rats
359 creatures vanquished.

Vanquished Creatures (collateral kills)
  An arcanist (D:10)
1 creature vanquished.

Grand Total: 360 creatures vanquished

Notes
Turn   | Place    | Note
-------+----------+-------------------------------------------
     0 | D:1      | anacleto the Troll Shapeshifter began the quest for the
                  | Orb.
     0 | D:1      | Reached XP level 1. HP: 18/18 MP: 0/0
   208 | D:1      | Reached skill level 1 in Fighting
   243 | D:1      | Reached XP level 2. HP: 23/27 MP: 1/1
   963 | D:2      | Reached XP level 3. HP: 26/33 MP: 2/2
  1494 | D:3      | Reached XP level 4. HP: 22/41 MP: 3/3
  1694 | D:3      | Found a radiant altar of Vehumet.
  1855 | D:3      | Reached skill level 4 in Shapeshifting
  2188 | D:3      | Reached XP level 5. HP: 34/49 MP: 4/4
  2329 | D:4      | Noticed an ogre
  2360 | D:4      | Killed an ogre
  2361 | D:4      | Reached XP level 6. HP: 43/57 MP: 5/5
  2415 | D:4      | Found a staircase to the Ecumenical Temple.
  2429 | Temple   | Entered the Ecumenical Temple
  2439 | Temple   | Became a worshipper of Qazlal Stormbringer
  2724 | D:4      | Reached skill level 5 in Shapeshifting
  3048 | D:5      | Entered Level 5 of the Dungeon
  3058 | D:5      | Reached * piety under Qazlal
  3095 | D:5      | Reached XP level 7. HP: 66/66 MP: 6/6
  3491 | D:5      | Reached skill level 5 in Unarmed Combat
  3531 | D:5      | Reached skill level 6 in Shapeshifting
  3540 | D:5      | Noticed Prince Ribbit
  3551 | D:5      | Killed Prince Ribbit
  3552 | D:5      | Reached XP level 8. HP: 54/75 MP: 7/7
  4077 | D:6      | Reached ** piety under Qazlal
  4097 | D:6      | Found a basalt altar of Yredelemnul.
  4125 | D:6      | Found a transporter.
  4130 | D:6      | Found a transporter.
  4131 | D:6      | Noticed osoart's ghost (novice FoFi)
  4202 | D:6      | Found a bloodstained altar of Trog.
  4214 | D:6      | Reached skill level 1 in Invocations
  4214 | D:6      | Reached skill level 7 in Shapeshifting
  4334 | D:6      | Reached XP level 9. HP: 43/84 MP: 9/9
  4508 | D:6      | Found a broken altar of Ashenzari.
  4749 | D:7      | Noticed Pikel
  4770 | D:7      | Killed Pikel
  4771 | D:7      | Reached skill level 5 in Dodging
  4771 | D:7      | Reached skill level 8 in Shapeshifting
  4854 | D:7      | Noticed Duvessa
  4875 | D:7      | Killed Duvessa
  5233 | D:7      | Reached skill level 5 in Fighting
  5285 | D:7      | Reached *** piety under Qazlal
  5288 | D:7      | Reached XP level 10. HP: 88/96 MP: 11/11
  5392 | D:7      | Noticed Dowan
  5400 | D:7      | Killed Dowan
  5526 | D:8      | Identified the +4 war axe of the Writhing Scorpion {chaos,
                  | rElec rPois Str-5 SInv}
  5560 | D:8      | Reached skill level 1 in Throwing
  5609 | D:8      | Found a staircase to the Lair.
  5637 | D:8      | Reached skill level 9 in Shapeshifting
  5645 | D:8      | Found a shadowy altar of Dithmenos.
  5747 | D:8      | Found a flagged portal.
  5756 | Bailey   | Entered a bailey
  6911 | Bailey   | Reached **** piety under Qazlal
  7271 | D:8      | HP: 2/98 [yak (11)]
  7277 | D:8      | Reached XP level 11. HP: 52/105 MP: 13/13
  8144 | D:9      | Found an ornate altar of the Wu Jian Council.
  8639 | D:10     | Entered Level 10 of the Dungeon
  8654 | D:10     | Noticed Harold
  8665 | D:10     | Killed Harold
  8666 | D:10     | Reached skill level 10 in Shapeshifting
  8684 | D:9      | Reached ***** piety under Qazlal
  8781 | D:10     | Reached skill level 5 in Invocations
  8821 | D:10     | Found a runed translucent gate.
  8821 | D:10     | Found a runed translucent gate.
  8823 | D:10     | Found a runed translucent gate.
  8824 | D:10     | Noticed ggggg's ghost (journeyman GrEE)
  8824 | D:10     | Noticed timneilson's ghost (journeyman OpSh)
  8960 | D:10     | Found a staircase to the Orcish Mines.
  9005 | D:10     | Noticed Maurice
  9008 | D:10     | Maurice stole a ring of willpower
  9010 | D:10     | Maurice stole a talisman of death
  9015 | D:10     | Maurice stole a curare-tipped dart
  9023 | D:10     | Something stole 109 gold
  9024 | D:10     | Something stole 540 gold
  9026 | D:10     | Something stole 378 gold
  9042 | D:10     | Killed Maurice
  9125 | D:10     | Found Gestriuff's Book Shop.
  9408 | D:10     | Noticed a two-headed ogre
  9413 | D:10     | Killed a two-headed ogre
  9860 | D:10     | Noticed an arcanist
  9866 | D:10     | Killed an arcanist
 10326 | D:10     | Identified the +0 plate armour of Wonder {-Tele +Inv Regen+
                  | Dex+8}
 10570 | D:11     | Reached XP level 12. HP: 77/115 MP: 15/15
 11042 | D:11     | Reached skill level 11 in Shapeshifting
 11548 | D:12     | Noticed a two-headed ogre
 11639 | D:12     | Identified a scroll of acquirement
 11640 | D:12     | Acquired the +7 kite shield of Generosity {Harm Rampage
                  | rPois rC-}
 11682 | D:12     | Killed a two-headed ogre
 11683 | D:12     | Reached skill level 5 in Throwing
 11762 | D:12     | Noticed a boulder beetle
 11966 | D:12     | Killed a boulder beetle
 12513 | D:13     | Noticed a two-headed ogre
 12518 | D:13     | Killed a two-headed ogre
 12523 | D:13     | Noticed a centaur warrior
 12531 | D:12     | Killed a centaur warrior
 12578 | D:13     | Noticed a catoblepas
 12589 | D:13     | Killed a catoblepas
 12626 | D:13     | Noticed a catoblepas
 12633 | D:13     | Noticed a rakshasa
 12637 | D:13     | Killed a catoblepas
 12644 | D:13     | Slain by a rakshasa

Illustrated notes

Levels and vault maps discovered:
D:1:      ncdulo_smallfort, layout_loops_ring, dk_noncrumbling_4
D:2:      layout_loops_ring, kennysheep_cross_room, minmay_liquid_box,
          minmay_misc_feat_nine_boxes, chequers_serial_rivers_marsh
D:3:      minmay_razor_zed, layout_loops_ring, mainiacjoe_overflow_alcove_2
D:4:      layout_loops_ring, minmay_temple_entry_statues_fountains
D:5:      layout_basic, uniq_prince_ribbit1
D:6:      layout_rooms, trog_ov_bears_minmay, grunt_temple_overflow_open,
          gammafunk_ghost_hive
D:7:      layout_basic, uniq_pikel, uniq_duvessa
D:8:      layout_cave_pods, nicolae_dithmenos_shadow_blocks,
          due_lair_maze_entry_diamond, enter_bailey_5
D:9:      layout_irregular_city, nzn_wu_jian_contemplation
D:10:     cheibrodos_iron_armory, layout_layer_cave, erik_orc_3, serial_shops,
          shop, gammafunk_ghost_cemetery, grunt_ministairs_13,
          minmay_joined_circles, uniq_harold, uniq_maurice
D:11:     layout_loops_corners
D:12:     layout_gridville, minmay_curled_crystal
D:13:     layout_basic
Temple:   eino_temple_rhombus

Skill      XL: |  1  2  3  4  5  6  7  8  9 10 11 12 |
---------------+-------------------------------------+-----
Fighting       | 1 2 3 4 5 6 7 |  7.6
Dodging        | 2 3 4 5 6 7 |  7.6
Shapeshifting  | 4 5 6 7 8 9 10 11 | 11.8
Unarmed Combat | 4 5 6 7 8 9 |  9.4
Invocations    | 1 3 4 5 6 |  6.7
Throwing       | 3 4 5 |  5.8

Action                     |  1- 3 |  4- 6 |  7- 9 | 10-12 || total
---------------------------+-------+-------+-------+-------++-------
  Melee: Unarmed           |    52 |   135 |   179 |   530 ||   896
         Punch             |     1 |     4 |    10 |    16 ||    31
  Throw: Dart              |       |       |       |     3 ||     3
         Boomerang         |       |       |       |    16 ||    16
 Invoke: Elemental Force   |       |       |       |     1 ||     1
Ability: Begin Untransform |       |       |     1 |     3 ||     4
  Evoke: Wand              |       |     1 |     6 |     3 ||    10
         Lightning rod     |       |       |       |     1 ||     1
    Use: Potion            |       |     2 |     3 |     4 ||     9
         Scroll            |       |       |    10 |    12 ||    22
 Armour: Animal skin       |    37 |    73 |    91 |       ||   201
         Skin              |       |    14 |    11 |   122 ||   147
         Robe              |       |       |    31 |   294 ||   325
  Dodge: Dodged            |    29 |    58 |    95 |   344 ||   526
         Repelled          |       |       |       |     5 ||     5
  Block: Other             |       |       |    27 |   140 ||   167
   Form: Beast             |       |       |     1 |     1 ||     2
         Flux              |       |       |       |     3 ||     3

Table legend: (Time is in decaauts)
 A = Elapsed time spent in this place.
 B = Non-inter-level travel time spent in this place.
 C = Inter-level travel time spent in this place.
 D = Time resting spent in this place.
 E = Time spent auto-exploring this place.
 F = Levels seen in this place.
 G = Mean time per level.
                   A        B        C        D        E       F      G
               +--------+--------+--------+--------+--------+-----+--------+
         Total |  12552 |  12053 |    499 |   1538 |   7126 |  15 |  836.8 |
       Dungeon |  11215 |  10726 |    489 |    912 |   7111 |  13 |  862.7 |
        Temple |     20 |     10 |     10 |      0 |      0 |   1 |   20.0 |
        Bailey |   1315 |   1315 |      0 |    626 |     15 |   1 | 1315.0 |
               +--------+--------+--------+--------+--------+-----+--------+

Top non-repeatable levels by time:
    D:10: 1722 daAuts
  Bailey: 1315 daAuts
    D:11: 1295 daAuts
     D:8: 1098 daAuts
     D:5: 953 daAuts
     D:7: 899 daAuts
     D:9: 840 daAuts
     D:3: 815 daAuts
     D:2: 778 daAuts
    D:12: 721 daAuts
     D:1: 718 daAuts
     D:4: 706 daAuts
     D:6: 574 daAuts
    D:13: 92 daAuts
  Temple: 20 daAuts
